 Dungeon Sprint DCSS version 0.27-a0-279-gdfb9265905 (webtiles) character file.

Game seed: 6981233975439862329

161487 mhtbhm the Axe Maniac (level 17, -15/256 HPs)
             Began as a Minotaur Fighter on Feb 8, 2021.
             Was the Champion of Trog.
             Demolished by Sapsoq the pandemonium lord (19 damage)
             ... in the Dungeon (Sprint VII: "The Pits").
             The game lasted 00:20:39 (10590 turns).

mhtbhm the Axe Maniac (Minotaur Fighter)           Turns: 10590, Time: 00:20:39

Health: -15/256    AC: 34    Str: 29    XL:     17   Next: 20%
Magic:  5/5        EV: 19    Int:  5    God:    Trog [******]
Gold:   50         SH: 24    Dex: 10    Spells: 16/16 levels left

rFire    . . .     SeeInvis .   a - +5 broad axe (antimagic)
rCold    . . .     Faith    .   c - +0 kite shield
rNeg     + . .     Spirit   .   b - +3 storm dragon scales
rPois    .         Reflect  +   (helmet restricted)
rElec    +         Harm     .   n - +1 cloak
rCorr    .         Rampage  .   v - +1 pair of gloves
Will     +....     NoTele   +   A - +1 pair of boots
Stlth    ..........             x - amulet of reflection
HPRegen  0.52/turn              w - ring of positive energy
MPRegen  0.09/turn              o - +3 ring of strength

@: berserking (expiring), lethally poisoned (-15 -> -138), slowed, studying
Staves
A: retaliatory headbutt, horns 2, clumsy 1, frail 1, screaming 1
a: Renounce Religion, Berserk, Trog's Hand, Brothers in Arms


You were in the Dungeon.
You worshipped Trog.
Trog was exalted by your worship.
You visited 1 branch You collected 50 gold pieces.

Inventory:

Hand Weapons
 a - a +5 antimagic broad axe (weapon)
 q - a +2 broad axe of flaming
Armour
 b - +3 storm dragon scales (worn)
 c - a +0 kite shield (worn)
 n - a +1 cloak (worn)
 v - a +1 pair of gloves (worn)
 A - a +1 pair of boots (worn)
Jewellery
 o - a +3 ring of strength (right hand)
 w - a ring of positive energy (left hand)
 x - an amulet of reflection (around neck)
 y - an uncursed ring of protection from fire
Scrolls
 l - 5 scrolls of remove curse
 m - a scroll of summoning
 s - 4 scrolls of enchant armour
 u - 4 scrolls of identify
Potions
 e - 5 potions of curing
 g - a potion of haste
 h - 4 potions of magic
 i - 4 potions of berserk rage
 k - a potion of invisibility
 p - 3 potions of mutation
 z - a potion of flight
Miscellaneous
 d - the horn of Geryon


   Skills:
 O Level 27 Fighting
 O Level 27 Axes
 O Level 27 Armour
 + Level 22.7 Dodging
 + Level 10.0 Stealth
 O Level 27 Shields
 + Level 6.0 Evocations


You had 16 spell levels left.
You didn't know any spells.
Your spell library was empty.

Dungeon Overview and Level Annotations

Branches:
Dungeon (1/1)

Altars:
Ashenzari
Cheibriados
Dithmenos
Elyvilon
Fedhas
Gozag
Hepliaklqana
Kikubaaqudgha
Makhleb
Nemelex Xobeh
Okawaru
Qazlal
Ru
Sif Muna
Trog
Uskayaw
Vehumet
Wu Jian
Xom
Yredelemnul
Zin
The Shining One
Beogh
Jiyva
Lugonu

Annotations:
D Gloorx Vloq


Innate Abilities, Weirdness & Mutations

You reflexively headbutt those who attack you in melee.
You have a pair of horns on your head.
You are clumsy. (Dex -2)
You are frail. (-10% HP)
You occasionally shout uncontrollably at your foes.


Message History

You hit Sapsoq but do no damage. You headbutt Sapsoq!
Sapsoq is moderately wounded.
You slice Gloorx Vloq!!
Gloorx Vloq's magic leaks into the air.
You are engulfed in dark miasma.
You are more poisoned.
You feel as though you will be slow longer.
* * * LOW HITPOINT WARNING * * *
x2 You feel extremely sick.
Gloorx Vloq falters for a moment.
You hit Sapsoq.
Sapsoq's magic leaks into the air.
You headbutt Sapsoq, but do no damage.
Sapsoq is heavily wounded.
You closely miss Gloorx Vloq.
You are engulfed in dark miasma.
You are more poisoned.
* * * LOW HITPOINT WARNING * * *
You feel extremely sick. Gloorx Vloq hits you!!
* * * LOW HITPOINT WARNING * * *
Sapsoq bites you!!
You die...

### ####### #
#####.####'#'..##.
#.'.##'##.#.##..'#
####'##.#####'#.)#
#.#.#.##'##.#.##..
##&###)#..'####'#.
#@#.#.#.##)#.#.###
##&#####..###'##.#
.##.#.##))'.###)
11##'#..#####.##
&##.#'##).#.##'.
+####.#.####'#).
#### #.##).#
##'..#' #..'##


You could see Gloorx Vloq, Sapsoq, Tivoveits, an Ice Fiend and an Executioner
(summoned, fast).

Vanquished Creatures
  Dispater (D)
  3 orbs of fire (D)
  4 pandemonium lords (D)
  An ancient lich (D)
  2 royal mummies (D)
  Frederick (D)
  Geryon (D)
  2 pearl dragons (D)
  2 Tzitzimimeh (D)
  2 electric golems (D)
  3 Hell Sentinels (D)
  A hellephant (D)
  A lich (D)
  2 Ice Fiends (D)
  A tentacled monstrosity (D)
  A titan (D)
  2 deep elf blademasters (D)
  A sphinx (D)
  2 shadow dragons (D)
  A draconian scorcher (D)
  A draconian knight (D)
  An orc warlord (D)
  An iron dragon (D)
  A balrug (D)
  A reaper (D)
  A war gargoyle (D)
  A green draconian (D)
  A stone giant (D)
  A vampire knight (D)
  An ophan (D)
  A deep elf annihilator (D)
  A blizzard demon (D)
  An ettin (D)
  2 green deaths (D)
  A yaktaur captain (D)
  A naga warrior (D)
  A hydra (D)
  2 vault guards (D)
  A merfolk avatar (D)
  2 merfolk aquamancers (D)
  A death knight (D)
  A two-headed ogre (D)
  3 death yaks (D)
  An orc high priest (D)
  A hell knight (D)
  2 spriggan berserkers (D)
  A soul eater (D)
  A spriggan (D)
  2 deep elf knights (D)
  An unseen horror (D)
  A sixfirhy (D)
  A flayed ghost (D)
  2 spriggan druids (D)
  A swamp dragon (D)
  A sea snake (D)
  A deep troll (D)
  7 orc knights (D)
  3 cyclopes (D)
  3 deep elf zephyrmancers (D)
  A manticore (D)
  4 elephants (D)
  2 molten gargoyles (D)
  2 smoke demons (D)
  An orange demon (D)
  Psyche (D)
  A troll (D)
  A guardian mummy (D)
  A wind drake (D)
  A hornet (D)
  A polar bear (D)
  A merfolk (D)
  Grinder (D)
  5 blink frogs (D)
  A snapping turtle (D)
  3 redbacks (D)
  2 shadows (D)
  A ynoxinul (D)
  7 water elementals (D)
  A fire bat (D)
  A neqoxec (D)
  A golden eye (D)
  A fire elemental (D)
  A chaos spawn (D)
  2 hell hounds (D)
  A floating eye (D)
  7 orc warriors (D)
  An eye of draining (D)
  2 wolves (D)
  4 centaurs (D)
  2 small abominations (D)
  5 killer bees (D)
  A crimson imp (D)
  2 orc priests (D)
  An iron imp (D)
  A jelly (D)
  2 orc wizards (D)
  2 hell rats (D)
  A mummy (D)
  A gnoll (D)
  An adder (D)
  A river rat (D)
  2 ufetubi (D)
  A worm (D)
  An adder simulacrum (D)
  6 orcs (D)
  2 bat zombies (D)
  A giant cockroach (D)
  A goblin (D)
  4 hobgoblins (D)
  3 jackals (D)
  A quokka (D)
  2 ball pythons (D)
  A bat (D)
  A frilled lizard (D)
  A giant cockroach simulacrum (D)
  A kobold (D)
198 creatures vanquished.

Vanquished Creatures (collateral kills)
  A pandemonium lord (D)
  A Brimstone Fiend (D)
  A reaper (D)
  A hydra (D)
  A naga warrior (D)
  A two-headed ogre (D)
  2 deep elf knights (D)
  3 orc knights (D)
  A fire elemental (D)
12 creatures vanquished.

Vanquished Creatures (others)
  An orc warlord (D)
1 creature vanquished.

Grand Total: 211 creatures vanquished

Notes
Turn   | Place    | Note
-------+----------+-------------------------------------------
     0 | D        | mhtbhm the Minotaur Fighter began the quest for the Orb.
     0 | D        | Reached XP level 1. HP: 19/19 MP: 0/0
    19 | D        | Found a bloodstained altar of Trog.
    19 | D        | Found a shimmering blue altar of Sif Muna.
    19 | D        | Found a viscous altar of Jiyva.
    19 | D        | Found a hazy altar of Hepliaklqana.
    19 | D        | Found an opulent altar of Gozag.
    20 | D        | Found a glowing golden altar of the Shining One.
    20 | D        | Found a glowing silver altar of Zin.
    20 | D        | Found a basalt altar of Yredelemnul.
    20 | D        | Found a shimmering altar of Xom.
    20 | D        | Found an ornate altar of the Wu Jian Council.
    20 | D        | Found a sacrificial altar of Ru.
    20 | D        | Found a stormy altar of Qazlal.
    20 | D        | Found an iron altar of Okawaru.
    20 | D        | Found a sparkling altar of Nemelex Xobeh.
    20 | D        | Found a burning altar of Makhleb.
    20 | D        | Found a blossoming altar of Fedhas.
    20 | D        | Found a white marble altar of Elyvilon.
    20 | D        | Found a shadowy altar of Dithmenos.
    20 | D        | Found a snail-covered altar of Cheibriados.
    22 | D        | Found a radiant altar of Vehumet.
    22 | D        | Found a corrupted altar of Lugonu.
    22 | D        | Found a roughly hewn altar of Beogh.
    24 | D        | Became a worshipper of Trog the Wrathful
    75 | D        | HP: 1/20 [ufetubus (4)]
   368 | D        | Reached * piety under Trog
   369 | D        | Reached XP level 2. HP: 28/28 MP: 1/1
   518 | D        | Noticed a floating eye
   519 | D        | Noticed Grinder
   522 | D        | Reached skill level 5 in Fighting
   522 | D        | Reached skill level 5 in Armour
   522 | D        | Reached skill level 5 in Shields
   522 | D        | Reached ** piety under Trog
   523 | D        | Killed a floating eye
   524 | D        | Reached skill level 5 in Axes
   524 | D        | Reached XP level 3. HP: 37/37 MP: 2/2
   524 | D        | Reached XP level 4. HP: 44/44 MP: 3/3
   533 | D        | Killed Grinder
   534 | D        | Reached XP level 5. HP: 36/52 MP: 4/4
   534 | D        | Reached XP level 6. HP: 41/60 MP: 5/5
   652 | D        | Noticed an orc warrior
   657 | D        | Reached *** piety under Trog
   672 | D        | Reached **** piety under Trog
   673 | D        | Reached skill level 1 in Stealth
   675 | D        | Killed an orc warrior
   684 | D        | Reached XP level 7. HP: 14/69 MP: 6/6
   926 | D        | Noticed a troll
   933 | D        | Killed a troll
   934 | D        | Reached skill level 10 in Axes
   934 | D        | Reached skill level 10 in Armour
   986 | D        | Noticed a fire bat
   990 | D        | Reached ***** piety under Trog
   991 | D        | Reached skill level 10 in Shields
   998 | D        | Killed a fire bat
   999 | D        | Reached skill level 5 in Dodging
  1120 | D        | Noticed a two-headed ogre
  1120 | D        | Noticed a molten gargoyle
  1130 | D        | Killed a molten gargoyle
  1131 | D        | Reached XP level 8. HP: 39/79 MP: 7/7
  1133 | D        | Killed a two-headed ogre
  1134 | D        | Reached skill level 10 in Fighting
  1402 | D        | Found a hide-covered altar of Uskayaw.
  1402 | D        | Found an ancient bone altar of Kikubaaqudgha.
  1402 | D        | Found a broken altar of Ashenzari.
  1434 | D        | Received a gift from Trog
  1435 | D        | Reached XP level 9. HP: 86/86 MP: 8/8
  1491 | D        | Noticed a death yak
  1491 | D        | Noticed a deep troll
  1496 | D        | Received a gift from Trog
  1498 | D        | Killed a deep troll
  1507 | D        | Killed a death yak
  1508 | D        | Reached skill level 15 in Axes
  1660 | D        | Noticed a molten gargoyle
  1669 | D        | Killed a molten gargoyle
  1735 | D        | Noticed a death yak
  1743 | D        | Reached XP level 10. HP: 97/97 MP: 9/9
  1743 | D        | Killed a death yak
  1745 | D        | Reached ****** piety under Trog
  1795 | D        | Noticed an orc high priest
  1804 | D        | Noticed a sixfirhy
  1805 | D        | Received a gift from Trog
  1809 | D        | Noticed a soul eater
  1822 | D        | Killed an orc high priest
  2149 | D        | Noticed a cyclops
  2163 | D        | Killed a cyclops
  2168 | D        | Received a gift from Trog
  2254 | D        | Received a gift from Trog
  2306 | D        | Noticed a cyclops
  2306 | D        | Noticed a cyclops
  2314 | D        | Killed a cyclops
  2315 | D        | Reached XP level 11. HP: 108/108 MP: 10/10
  2390 | D        | Noticed a death knight
  2390 | D        | Noticed a merfolk aquamancer
  2396 | D        | Received a gift from Trog
  2403 | D        | Killed a death knight
  2408 | D        | Killed a merfolk aquamancer
  2536 | D        | Noticed a deep elf zephyrmancer
  2539 | D        | Noticed a swamp dragon
  2544 | D        | Reached skill level 15 in Shields
  2545 | D        | Noticed a flayed ghost
  2547 | D        | Received a gift from Trog
  2550 | D        | Killed a swamp dragon
  2551 | D        | Reached skill level 15 in Armour
  2557 | D        | Killed a flayed ghost
  2558 | D        | Reached skill level 15 in Fighting
  2559 | D        | Killed a deep elf zephyrmancer
  2786 | D        | Noticed Psyche
  2786 | D        | Noticed a sixfirhy
  2790 | D        | Received a gift from Trog
  2795 | D        | Killed a sixfirhy
  2796 | D        | Killed Psyche
  3009 | D        | Received a gift from Trog
  3170 | D        | Noticed a spriggan druid
  3170 | D        | Noticed a sea snake
  3178 | D        | Killed a sea snake
  3179 | D        | Reached XP level 12. HP: 122/122 MP: 3/11
  3184 | D        | Received a gift from Trog
  3231 | D        | Noticed an Ice Fiend
  3237 | D        | Killed an Ice Fiend
  3274 | D        | Noticed a green death
  3279 | D        | Killed a green death
  3315 | D        | Noticed an orb of fire
  3669 | D        | Noticed an eight-headed hydra
  3669 | D        | Noticed a merfolk aquamancer
  3674 | D        | Killed a 12-headed hydra
  3675 | D        | Killed a merfolk aquamancer
  3680 | D        | Received a gift from Trog
  3814 | D        | Gained mutation: You are frail. (-10% HP) [an orb of fire]
  3823 | D        | Gained mutation: You are clumsy. (Dex -2) [an orb of fire]
  3852 | D        | Killed an orb of fire
  4162 | D        | Noticed a yellow draconian scorcher
  4170 | D        | Killed a yellow draconian scorcher
  4170 | D        | Received a gift from Trog
  4171 | D        | Reached XP level 13. HP: 123/123 MP: 4/12
  4305 | D        | Noticed a deep elf annihilator
  4312 | D        | Killed a deep elf annihilator
  4325 | D        | Received a gift from Trog
  4330 | D        | Received a gift from Trog
  4330 | D        | Noticed a green draconian
  4331 | D        | Noticed a vampire knight
  4336 | D        | Killed a vampire knight
  4339 | D        | Killed a green draconian
  4341 | D        | Received a gift from Trog
  4355 | D        | Gained mutation: You occasionally shout uncontrollably at
                  | your foes. [a neqoxec]
  4357 | D        | Received a gift from Trog
  4474 | D        | Noticed a blizzard demon
  4479 | D        | Killed a blizzard demon
  4711 | D        | Noticed an orc warlord
  4712 | D        | Noticed an orc warlord
  4720 | D        | Killed an orc warlord
  4722 | D        | Received a gift from Trog
  4722 | D        | Noticed a reaper
  4728 | D        | Killed an orc warlord
  4730 | D        | Reached skill level 5 in Stealth
  4730 | D        | Received a gift from Trog
  4736 | D        | Received a gift from Trog
  4739 | D        | Killed a reaper
  4996 | D        | Noticed a war gargoyle
  5002 | D        | Killed a war gargoyle
  5003 | D        | Reached XP level 14. HP: 133/136 MP: 4/13
  5006 | D        | Received a gift from Trog
  5203 | D        | Noticed a golden dragon
  5203 | D        | Noticed Zuaniv the pandemonium lord
  5203 | D        | Noticed a sphinx
  5203 | D        | Found the +4 staff of Dispater
  5203 | D        | Noticed Dispater
  5203 | D        | Noticed a balrug
  5212 | D        | Noticed a Hell Sentinel
  5224 | D        | Killed Zuaniv the pandemonium lord
  5227 | D        | Noticed a Hell Sentinel
  5230 | D        | Killed a balrug
  5245 | D        | Noticed a Hell Sentinel
  5339 | D        | Received a gift from Trog
  5387 | D        | HP: 5/139 [Dispater/the +4 staff of Dispater (32)]
  5391 | D        | Killed Dispater
  5392 | D        | Reached skill level 10 in Stealth
  5844 | D        | Killed a sphinx
  5948 | D        | Noticed a Hell Sentinel
  5960 | D        | Killed a Hell Sentinel
  6016 | D        | Noticed a titan
  6027 | D        | Killed a titan
  6027 | D        | Received a gift from Trog
  6276 | D        | Noticed a pearl dragon
  6287 | D        | Killed a pearl dragon
  6401 | D        | Noticed a reaper
  6413 | D        | Killed a reaper
  6414 | D        | Reached XP level 15. HP: 65/149 MP: 4/14
  6691 | D        | Noticed a shadow dragon
  6709 | D        | Killed a shadow dragon
  6832 | D        | Noticed a shadow dragon
  6842 | D        | Killed a shadow dragon
  7029 | D        | Received a gift from Trog
  7146 | D        | Noticed an electric golem
  7156 | D        | Killed an electric golem
  7355 | D        | Noticed Geryon
  7377 | D        | Killed Geryon
  7400 | D        | Noticed Frederick
  7434 | D        | Killed Frederick
  7434 | D        | Received a gift from Trog
  7435 | D        | Reached skill level 10 in Dodging
  7606 | D        | Noticed a Tzitzimitl
  7615 | D        | Killed a Tzitzimitl
  7668 | D        | Noticed a deep elf blademaster
  7678 | D        | Killed a deep elf blademaster
  7851 | D        | Noticed a Tzitzimitl
  7861 | D        | Killed a Tzitzimitl
  7862 | D        | Reached skill level 27 in Axes
  7894 | D        | Noticed an orb of fire
  7918 | D        | Killed an orb of fire
  7918 | D        | Received a gift from Trog
  7984 | D        | Noticed a hellephant
  7995 | D        | Killed a hellephant
  8082 | D        | Noticed a Hell Sentinel
  8097 | D        | Killed a Hell Sentinel
  8253 | D        | Noticed an orb of fire
  8279 | D        | Killed an orb of fire
  8280 | D        | Reached skill level 27 in Fighting
  8280 | D        | Reached XP level 16. HP: 143/164 MP: 5/15
  8488 | D        | Received a gift from Trog
  8538 | D        | Noticed a Hell Sentinel
  8538 | D        | Noticed a deep elf blademaster
  8544 | D        | Killed a deep elf blademaster
  8545 | D        | Reached skill level 27 in Shields
  8559 | D        | Killed a Hell Sentinel
  8657 | D        | Noticed Cegapsete the pandemonium lord
  8673 | D        | Killed Cegapsete the pandemonium lord
  8705 | D        | Noticed a royal mummy
  8720 | D        | Killed a royal mummy
  8945 | D        | Noticed a lich
  8954 | D        | Killed a lich
  8954 | D        | Received a gift from Trog
  9182 | D        | Noticed Ashriguig the pandemonium lord
  9199 | D        | Killed Ashriguig the pandemonium lord
  9331 | D        | Noticed an ancient lich
  9346 | D        | Killed an ancient lich
  9347 | D        | Reached skill level 15 in Dodging
  9347 | D        | Noticed a tentacled monstrosity
  9353 | D        | Killed a tentacled monstrosity
  9353 | D        | Received a gift from Trog
  9354 | D        | Reached skill level 27 in Armour
  9573 | D        | Noticed a pearl dragon
  9573 | D        | Noticed an Ice Fiend
  9579 | D        | Killed an Ice Fiend
  9594 | D        | Killed a pearl dragon
  9859 | D        | Noticed a royal mummy
  9864 | D        | Noticed an electric golem
  9880 | D        | Killed an electric golem
  9880 | D        | Noticed a Brimstone Fiend
  9895 | D        | Noticed Mopuadefo the pandemonium lord
  9923 | D        | Killed Mopuadefo the pandemonium lord
  9924 | D        | Reached XP level 17. HP: 85/171 MP: 5/16
  9924 | D        | Killed a Brimstone Fiend
 10105 | D        | Killed a royal mummy
 10105 | D        | Received a gift from Trog
 10106 | D        | Reached skill level 5 in Evocations
 10306 | D        | Noticed Gojitaso the pandemonium lord
 10315 | D        | Killed Gojitaso the pandemonium lord
 10574 | D        | Noticed Sapsoq the pandemonium lord
 10574 | D        | Noticed Gloorx Vloq
 10574 | D        | Noticed Tivoveits the pandemonium lord
 10579 | D        | Noticed an Ice Fiend
 10590 | D        | HP: 4/256 [Gloorx Vloq (20)]
 10590 | D        | Demolished by Sapsoq the pandemonium lord

Illustrated notes

Levels and vault maps discovered:
D:        pitsprint [storerooms_1, entrance_room_1, metal_vault_5, armoury_1,
          mini_pit_1, grid_room_1, main_hall_1, silver_pit, the_coven_3,
          the_vestibule_1, steel_vault_3, golden_pit, hallway_of_sentries,
          crystal_vault_4, iron_vault_5, final_vault]

Skill      XL: |  1  2  3  4  5  6  7  8  9 10 11 12 13 14 15 16 17 |
---------------+----------------------------------------------------+-----
Fighting       | 4 6 7 8 9 10 12 13 16 19 21 24 27 | 27.0
Axes           | 3 5 8 9 12 13 15 18 20 22 23 25 27 | 27.0
Armour         | 4 6 8 9 11 12 13 14 15 16 18 19 22 27 | 27.0
Shields        | 4 6 8 9 10 11 12 14 16 18 19 21 26 27 | 27.0
Dodging        | 2 3 4 5 6 7 8 9 10 20 22 | 22.7
Stealth        | 1 2 7 10 | 10.0
Evocations     | 2 6 |  6.0

Action                   |  1- 3 |  4- 6 |  7- 9 | 10-12 | 13-15 | 16-18 || total
-------------------------+-------+-------+-------+-------+-------+-------++-------
Melee: Hand axe          |    28 |    25 |    31 |       |       |       ||    84
       War axe           |     4 |       |       |       |       |       ||     4
       Headbutt          |     3 |     2 |    13 |    37 |   114 |    61 ||   230
       Broad axe         |       |       |    30 |   220 |   419 |   233 ||   902
Invok: Berserk           |     2 |     1 |     4 |    13 |    15 |    10 ||    45
       Brothers in Arms  |       |       |       |     1 |     6 |     3 ||    10
       Trog's Hand       |       |       |       |       |     2 |     2 ||     4
Evoke: Horn of Geryon    |       |       |       |       |       |     1 ||     1
  Use: Potion            |       |     3 |       |     5 |    12 |     9 ||    29
       Scroll            |       |       |       |     1 |     3 |     3 ||     7
 Stab: Invisible         |       |       |       |       |    12 |       ||    12
Armor: Scale mail        |    29 |     1 |       |       |       |       ||    30
       Chain mail        |       |    24 |     8 |       |       |       ||    32
       Plate armour      |       |       |    10 |    79 |    14 |       ||   103
       Skin              |       |       |       |     1 |       |       ||     1
       Storm dragon scal |       |       |       |       |    57 |    54 ||   111
Dodge: Dodged            |    16 |    15 |    13 |    47 |    55 |    47 ||   193
Block: Kite shield       |    30 |    20 |    32 |   123 |   212 |   131 ||   548

Table legend: (Time is in decaauts) A = Elapsed time spent in this place. B = Non-inter-level travel time spent in this place. C = Inter-level travel time spent in this place. D = Time resting spent in this place. E = Time spent auto-exploring this place. F = Levels seen in this place. G = Mean time per level. A B C D E F G +--------+--------+--------+--------+--------+-----+--------+ Total | 10619 | 10612 | 7 | 7586 | 242 | 1 | 10619.0 | Dungeon | 10619 | 10612 | 7 | 7586 | 242 | 1 | 10619.0 | +--------+--------+--------+--------+--------+-----+--------+

Top non-repeatable levels by time:
       D: 10619 daAuts
